 Dungeon Crawl Stone Soup version 0.27-a0-1302-g7736ffe575 (webtiles) character file.

Game seed: 4071818857088178152

5035 Ijustatesigmund the Cleaver (level 10, -2/84 HPs)
             Began as a Demonspawn Fighter on June 18, 2021.
             Slain by a two-headed ogre (14 damage)
             ... on level 9 of the Dungeon.
             The game lasted 00:18:46 (10027 turns).

Ijustatesigmund the Cleaver (Demonspawn Fighter)   Turns: 10027, Time: 00:18:47

Health: -2/84      AC:  9    Str: 17    XL:     10   Next: 30%
Magic:  10/10      EV: 11    Int: 10    God:
Gold:   262        SH: 10    Dex: 13    Spells: 9/9 levels left

rFire    . . .     SeeInvis .   a - +1 war axe
rCold    . . .     Faith    .   c - +0 kite shield
rNeg     . . .     Spirit   .   b - +0 ring mail of Meral {rPois Will+ Regen+}
rPois    +         Reflect  .   (helmet restricted)
rElec    .         Harm     .   (no cloak)
rCorr    +         Rampage  .   (no gloves)
Will     +....                  h - +0 pair of boots
Stlth    +.........             (no amulet)
HPRegen  1.24/turn              g - ring of resist corrosion
MPRegen  0.12/turn              r - ring of flight

@: mighty, flying
A: horns 1, rugged brown scales 2, demonic guardian 1, powered by pain 2, clumsy
1
a: no special abilities


You were on level 9 of the Dungeon.
You visited 1 branch of the dungeon, and saw 9 of its levels.
You also visited: Sewer.

You collected 511 gold pieces.
You spent 249 gold pieces at shops.

Inventory:

Hand Weapons
 a - a +1 war axe (weapon)
 d - a +1 flail of protection
 f - a +2 whip of freezing
Armour
 b - the +0 ring mail of Meral (worn) {rPois Will+ Regen+}
   (You bought it in a shop on level 1 of the Dungeon)

   It protects you from poison.
   It increases your rate of health regeneration.
   It increases your willpower.
 c - a +0 kite shield (worn)
 h - a +0 pair of boots (worn)
Jewellery
 g - a ring of resist corrosion (left hand)
 k - an amulet of magic regeneration
 r - a ring of flight (right hand)
Wands
 l - a wand of flame (12)
Scrolls
 i - 2 scrolls of magic mapping
 n - a scroll of blinking
 o - 2 scrolls of teleportation
 s - 5 scrolls of identify
Potions
 e - 4 potions of brilliance
 j - a potion of mutation
 q - a potion of magic {unknown}
Miscellaneous
 p - a piece from Xom's chessboard (14/15)


   Skills:
 + Level 8.0 Fighting
 + Level 8.1 Axes
 + Level 6.1 Armour
 + Level 5.2 Dodging
 + Level 6.1 Shields


You had 9 spell levels left.
You didn't know any spells.
Your spell library was empty.

Dungeon Overview and Level Annotations

Branches:
Dungeon (9/15)             Temple (0/1) D:4             Orc (0/2) D:9
  Sewer (visited)
   Lair: D:8-11

Altars:
Ashenzari
Dithmenos
Gozag
Hepliaklqana
Kikubaaqudgha
Makhleb
Okawaru
Zin
Beogh

Shops:
D:1 *   D:7 [[=(

Annotations:
D:7 2 transporters


Innate Abilities, Weirdness & Mutations

You have a pair of small horns on your head.
You are mostly covered in rugged brown scales. (AC +2, +5% HP)
A weak demonic guardian rushes to your aid.
You sometimes gain power by taking damage.
You are clumsy. (Dex -2)


Message History

No target in view!
No target in view!
No target in view!
You feel sick.
Found a stone staircase leading down.
You feel sick.
You are no longer poisoned.
A two-headed ogre comes into view.
It is wielding a +0 great mace and a +0 giant spiked club.
The two-headed ogre shouts in stereo!
Okay, then.
The two-headed ogre hits you with a +0 great mace!
The two-headed ogre hits you with a +0 giant spiked club!!
A demonic guardian appears!
You hit the two-headed ogre.
You headbutt the two-headed ogre, but do no damage.
The two-headed ogre is lightly wounded.
You hit the two-headed ogre.
The two-headed ogre is lightly wounded.
The two-headed ogre hits you with a +0 great mace!!
You focus on the pain.
You feel very mighty all of a sudden.
The two-headed ogre hits you with a +0 giant spiked club!
* * * LOW HITPOINT WARNING * * *
Your iron imp hits the two-headed ogre!
You slash the two-headed ogre!
The two-headed ogre is moderately wounded.
You block the two-headed ogre's attack.
The two-headed ogre hits you with a +0 giant spiked club!
* * * LOW HITPOINT WARNING * * *
You focus on the pain.
You feel mightier all of a sudden.
Your iron imp closely misses the two-headed ogre.
You slash the two-headed ogre!
The two-headed ogre is heavily wounded.
You block the two-headed ogre's attack. x2
Your iron imp hits the two-headed ogre!
You slash the two-headed ogre!
The two-headed ogre is almost dead.
The two-headed ogre hits you with a +0 great mace!
You die...

*########## ##########
#..$......# #<.......# ******
*#.........####........# *,,,,,
,#.........##...@O.?...# ***,,,,,
,+.....(...##.#...5....# *,,,,,,,
*#........y##†#.....>..#**,*,,,,,
#.....>..y'..#........#*,,*,,,,,
#........y####........#*,**,,,,,
#.........# #..........,****,**
######'#### #........###* *,,*
#.....# #####...## **,* ###)#####
**,,****** ****,*


You could see a two-headed ogre (ally target) and a friendly iron imp
(summoned).

Vanquished Creatures
  Maggie (D:8)
  A hornet (D:7)
  A wyvern (D:5)
  5 yaks (D:6)
  A steam dragon (D:8)
  Menkaure (D:7)
  3 orc warriors
  A sky beast (D:7)
  An ice beast (D:6)
  A black bear (D:6)
  2 necrophages
  2 centaurs (D:8)
  An ogre (D:7)
  2 kobold brigands
  2 scorpions
  2 bullfrogs (Sewer)
  6 killer bees (D:9)
  3 wights
  7 orc priests
  A centaur zombie (D:8)
  5 hounds
  A gnoll shaman (D:9)
  Natasha (thrice) (D:3)
  4 iguanas
  7 orc wizards
  A killer bee zombie (D:6)
  A hound skeleton (D:4)
  A howler monkey zombie (D:5)
  3 gnolls (D:9)
  7 adders
  2 white imps (D:6)
  A worm (D:5)
  3 dart slugs
  29 orcs
  2 bats
  6 endoplasms
  8 giant cockroaches
  4 goblins
  4 hobgoblins
  9 jackals
  7 quokkas
  10 ball pythons
  12 frilled lizards
  14 kobolds
  2 rats (D:1)
190 creatures vanquished.

Vanquished Creatures (collateral kills)
  Pikel (D:4)
  2 water moccasins
  A lemure (D:4)
  A scorpion (D:6)
  A wyvern skeleton (D:5)
  An orc priest (D:6)
  An adder (D:5)
  A white imp (D:6)
  An orc (D:5)
10 creatures vanquished.

Vanquished Creatures (others)
  A kobold (D:8)
  A plant (D:3)
2 creatures vanquished.

Grand Total: 202 creatures vanquished

Notes
Turn   | Place    | Note
-------+----------+-------------------------------------------
     0 | D:1      | Ijustatesigmund the Demonspawn Fighter began the quest for
                  | the Orb.
     0 | D:1      | Reached XP level 1. HP: 18/18 MP: 1/1
   327 | D:1      | Gained mutation: You sometimes gain a little power by
                  | taking damage. [demonic ancestry]
   327 | D:1      | Reached XP level 2. HP: 23/24 MP: 2/2
   568 | D:1      | Reached XP level 3. HP: 14/29 MP: 3/3
   981 | D:1      | Found Vaupn's General Store.
  2409 | D:3      | Gained mutation: You sometimes gain power by taking damage.
                  | [demonic ancestry]
  2409 | D:3      | Reached XP level 4. HP: 37/37 MP: 4/4
  2466 | D:3      | Found an opulent altar of Gozag.
  2472 | D:3      | Found an opulent altar of Gozag.
  2472 | D:3      | Found an opulent altar of Gozag.
  2472 | D:3      | Noticed a scorpion
  2496 | D:3      | Killed a scorpion
  2502 | D:3      | Reached XP level 5. HP: 21/42 MP: 5/5
  2815 | D:3      | Found an opulent altar of Gozag.
  3021 | D:3      | Found a broken altar of Ashenzari.
  3175 | D:3      | Noticed Natasha
  3179 | D:3      | Killed Natasha
  3438 | D:3      | Noticed Natasha
  3450 | D:3      | Killed Natasha
  3589 | D:3      | Noticed Natasha
  3601 | D:3      | Killed Natasha
  3602 | D:3      | Gained mutation: You are partially covered in rugged brown
                  | scales. (AC +1, +3% HP) [demonic ancestry]
  3602 | D:3      | Reached XP level 6. HP: 38/50 MP: 6/6
  3707 | D:4      | Reached skill level 5 in Axes
  3798 | D:4      | Found a glowing drain.
  3810 | Sewer    | Entered a sewer
  4207 | Sewer    | Reached skill level 5 in Fighting
  4639 | D:4      | Found a staircase to the Ecumenical Temple.
  4880 | D:5      | Entered Level 5 of the Dungeon
  5162 | D:4      | Found an ancient bone altar of Kikubaaqudgha.
  5197 | D:4      | Gained mutation: A weak demonic guardian rushes to your
                  | aid. [demonic ancestry]
  5197 | D:4      | Reached XP level 7. HP: 42/54 MP: 7/7
  6194 | D:5      | Noticed Pikel
  6309 | D:4      | Gained mutation: You are clumsy. (Dex -2) [potion of
                  | mutation]
  6309 | D:4      | Gained mutation: Your magical capacity is low. (-10% MP)
                  | [potion of mutation]
  6309 | D:4      | Lost mutation: Your magical capacity is low. (-10% MP)
                  | [potion of mutation]
  6313 | D:4      | Killed Pikel
  6314 | D:4      | Reached skill level 1 in Dodging
  6574 | D:5      | Gained mutation: You have a pair of small horns on your
                  | head. [demonic ancestry]
  6574 | D:5      | Reached XP level 8. HP: 40/65 MP: 8/8
  7108 | D:5      | Found a hazy altar of Hepliaklqana.
  7482 | D:1      | Bought the +0 ring mail of Meral {rPois Will+ Regen+} for
                  | 249 gold pieces
  7911 | D:6      | Reached XP level 9. HP: 27/73 MP: 9/9
  8159 | D:6      | Identified the +4 scimitar of Wapuodd {venom, rN+ Str+4}
  8182 | D:6      | Reached skill level 5 in Shields
  8340 | D:7      | Found Tyemial's Armour Boutique.
  8349 | D:6      | Reached skill level 5 in Armour
  8360 | D:7      | Found a transporter.
  8360 | D:7      | Found a transporter.
  8389 | D:7      | Found Iredd's Antique Armour Shop.
  8424 | D:7      | Noticed an orc knight
  8427 | D:7      | Noticed a two-headed ogre
  8433 | D:7      | Found Zajoq's Antique Weapon Emporium.
  8747 | D:7      | Noticed Menkaure
  8753 | D:7      | Killed Menkaure
  8864 | D:7      | Found a shadowy altar of Dithmenos.
  8994 | D:7      | Found Garrane's Jewellery Shoppe.
  9202 | D:7      | Gained mutation: You are mostly covered in rugged brown
                  | scales. (AC +2, +5% HP) [demonic ancestry]
  9202 | D:7      | Reached XP level 10. HP: 48/82 MP: 10/10
  9391 | D:8      | Noticed Maggie
  9564 | D:8      | Found an iron altar of Okawaru.
  9656 | D:8      | Found a burning altar of Makhleb.
  9656 | D:8      | Noticed an Executioner
  9679 | D:8      | Killed Maggie
  9680 | D:8      | Reached skill level 5 in Dodging
  9912 | D:9      | Noticed a two-headed ogre
 10017 | D:9      | Noticed a two-headed ogre
 10027 | D:9      | Slain by a two-headed ogre

Illustrated notes

Levels and vault maps discovered:
D:1:      eino_arrival_cavern_b, layout_basic, serial_shops,
          nicolae_shop_crystal
D:2:      layout_loops_ring
D:3:      layout_loops_ring, overflow_temple_1_default,
          nicolae_gozag_conspicuous_consumption, serial_forest,
          infiniplex_forest_lined_3_way, infiniplex_forest_clump_small,
          infiniplex_forest_clump_medium, infiniplex_forest_end_1,
          kennysheep_doodads, uniq_natasha
D:4:      layout_layer_cave, lemuel_round_altar, minmay_temple_entry_water_ring,
          portal_sewer_entry_f
D:5:      layout_rooms, lemuel_doored_altar, uniq_pikel
D:6:      layout_basic, serial_bayou_pond_d, abandoned_shop
D:7:      gammafunk_beogh_shrine, layout_basic, grunt_dithmenos_smoke,
          serial_shops, nicolae_shop_overgrown_old_shop, shop,
          nicolae_shop_behind_doors,
          nicolae_shop_temple_entry_statues_fountains,
          small_statue_intersection, uniq_menkaure
D:8:      layout_cave_pools, makhleb_altar_promises_db,
          nicolae_overflow_crystal_walls, old_standard_altar, uniq_maggie
D:9:      layout_roguey, nicolae_wu_jian_glorious_leap,
          minmay_overflow_temple_star_quad, lemuel_coloured_pillars_altar,
          david_orc_3, enter_bailey_5

Skill      XL: |  1  2  3  4  5  6  7  8  9 10 |
---------------+-------------------------------+-----
Axes           | 2 3 4 5 6 7 8 |  8.1
Fighting       | 4 5 6 7 8 |  8.0
Armour         | 3 4 5 6 |  6.1
Dodging        | 1 3 4 5 |  5.2
Shields        | 3 4 5 6 |  6.1

Action                   |  1- 3 |  4- 6 |  7- 9 | 10-12 || total
-------------------------+-------+-------+-------+-------++-------
Melee: War axe           |   111 |   204 |   292 |   113 ||   720
       Headbutt          |       |       |    41 |    22 ||    63
Evoke: Piece from Xom's  |       |     1 |       |     1 ||     2
       Wand              |       |       |     7 |     2 ||     9
  Use: Scroll            |     4 |       |     7 |     4 ||    15
       Potion            |       |     3 |     7 |       ||    10
Armor: Scale mail        |    69 |   123 |    60 |       ||   252
       Skin              |       |     8 |       |       ||     8
       Ring mail         |       |       |    56 |    54 ||   110
Dodge: Dodged            |    44 |    61 |   134 |    73 ||   312
Block: Kite shield       |    64 |   130 |   190 |    95 ||   479

Table legend: (Time is in decaauts)
 A = Elapsed time spent in this place.
 B = Non-inter-level travel time spent in this place.
 C = Inter-level travel time spent in this place.
 D = Time resting spent in this place.
 E = Time spent auto-exploring this place.
 F = Levels seen in this place.
 G = Mean time per level.
                   A        B        C        D        E       F      G
               +--------+--------+--------+--------+--------+-----+--------+
         Total |  10403 |   9834 |    569 |   2191 |   5701 |  10 | 1040.3 |
       Dungeon |   9656 |   9087 |    569 |   1935 |   5507 |   9 | 1072.9 |
         Sewer |    746 |    746 |      0 |    256 |    193 |   1 |  746.0 |
               +--------+--------+--------+--------+--------+-----+--------+

Top non-repeatable levels by time:
     D:4: 2232 daAuts
     D:3: 1663 daAuts
     D:1: 1467 daAuts
     D:6: 977 daAuts
     D:5: 963 daAuts
     D:2: 906 daAuts
   Sewer: 746 daAuts
     D:8: 696 daAuts
     D:7: 614 daAuts
     D:9: 135 daAuts
